 Dungeon Crawl Stone Soup version 0.24-a0-250-g6074511 (webtiles) character file.

Game seed: 7657402698643585823

409 Borgoz the Cutter (level 7, 0/44 HPs)
             Began as a Kobold Gladiator on Apr 15, 2019.
             Killed by divine providence
             ... invoked by an orc priest
              (12 damage)
             ... on level 4 of the Dungeon.
             The game lasted 00:07:04 (4113 turns).

Borgoz the Cutter (Kobold Gladiator)                Turns: 4113, Time: 00:07:04

Health: 0/44       AC:  9    Str: 13    XL:     7   Next: 13%
Magic:  7/7        EV: 23    Int:  9    God:
Gold:   335        SH:  3    Dex: 22    Spells: 6/6 levels left

rFire    . . .     SeeInvis .   a - +0 rapier
rCold    . . .     Gourm    .   (shield restricted)
rNeg     + . .     Faith    .   v - +3 leather armour of Least Resistance {rN+}
rPois    .         Spirit   .   c - +0 helmet
rElec    .         Reflect  +   (no cloak)
rCorr    .         Harm     .   (no gloves)
MR       .....                  (no boots)
Stlth    +++.......             j - +3 amulet of reflection
HPRegen  0.14/turn              i - +2 ring of protection
MPRegen  0.10/turn              (no ring)

@: agile, lightly drained
A: small, carnivore
a: no special abilities


You were on level 4 of the Dungeon.
You were completely stuffed.

You visited 1 branch of the dungeon, and saw 4 of its levels.

You collected 335 gold pieces.

Inventory:

Hand Weapons
 a - a +0 rapier (weapon)
Missiles
 d - 2 throwing nets (quivered)
Armour
 c - a +0 helmet (worn)
 v - the +3 leather armour of Least Resistance (worn) {rN+}
   (You found it on level 4 of the Dungeon)

   It protects you from negative energy.
Jewellery
 i - a +2 ring of protection (left hand)
 j - a +3 amulet of reflection (around neck)
Wands
 t - a wand of polymorph (4)
Scrolls
 e - a scroll of enchant armour {unknown}
 h - a scroll of fog {unknown}
 l - 3 scrolls of remove curse {unknown}
 m - 2 scrolls of enchant weapon {unknown}
 n - 3 scrolls of immolation {unknown}
 o - 2 scrolls of teleportation {unknown}
 p - a scroll of blinking {unknown}
 r - a scroll of amnesia {unknown}
 s - a scroll of magic mapping {unknown}
 u - a scroll of identify {unknown}
Potions
 g - a potion of lignification
Comestibles
 b - 14 chunks of flesh
 f - 6 rations


   Skills:
 + Level 4.3(3.8) Fighting
 + Level 6.0(5.5) Short Blades
 - Level 2.1(1.7) Throwing
 + Level 2.5(2.1) Armour
 + Level 5.4(4.9) Dodging


You had 6 spell levels left.
You didn't know any spells.
Your spell library was empty.

Dungeon Overview and Level Annotations

Branches:
Dungeon (4/15)
 Temple: D:4-7

Altars:
Elyvilon
Gozag
Yredelemnul


Innate Abilities, Weirdness & Mutations

You are small and have problems with some larger weapons.
You are carnivorous and can eat meat at any time.


Message History

You have reached level 7!
The orc priest calls down the wrath of Beogh upon you.
Beogh smites you!
* * * LOW HITPOINT WARNING * * *
You hit the ball python skeleton.
The ball python skeleton is lightly damaged.
The orc priest looks encouraged for a moment.
The ball python skeleton misses you. The ball python skeleton grabs you.
The ball python skeleton constricts you.
You barely miss the ball python skeleton.
The ball python skeleton is lightly damaged.
The ball python skeleton bites you but does no damage.
The ball python skeleton constricts you.
It was a potion of agility.
You feel agile all of a sudden.
The ball python skeleton loses its grip on you.
You closely miss the wight.
The orc priest mumbles some strange prayers to Beogh against you.
Beogh smites you!
You die...

#.....##+#??)#)##(..## #...###
#...#..###[.####### #..##.#
#...#[.# ##.....<.. #..'..#
#...#..# +.####### #..##.#
#...#..# #.# #...###
#...#.)###...
#..)).####.Zo####......
##........##z##..........
#..######...@[...###.....# #.##
##...#...# ##..... #[#
##..#.#.####..###...
###.#########..#.#.......# ..
#..............#.######.#####.#
#.############.#.######.###...#
#.# #..................)).#.#
#.# #.#######.<.........รท....
#.# #># #..######.###.#.#


You could see a wight, an orc priest and a ball python skeleton.

Vanquished Creatures
  A black bear (D:4)
  2 orc wizards
  Natasha (thrice) (D:2)
  Robin (D:2)
  2 adders (D:2)
  4 gnolls
  4 worms
  3 dart slugs
  2 leopard geckos (D:1)
  11 orcs
  9 bats
  2 giant cockroaches (D:1)
  14 goblins
  13 hobgoblins
  4 jackals (D:4)
  2 quokkas (D:3)
  A ball python (D:1)
  4 frilled lizards
  5 kobolds
  10 rats
97 creatures vanquished.

Notes
Turn   | Place    | Note
-------+----------+-------------------------------------------
     0 | D:1      | Borgoz the Kobold Gladiator began the quest for the Orb.
     0 | D:1      | Reached XP level 1. HP: 12/12 MP: 1/1
   101 | D:1      | Reached XP level 2. HP: 18/18 MP: 2/2
   149 | D:1      | Reached XP level 3. HP: 12/22 MP: 3/3
   705 | D:2      | Reached skill level 1 in Armour
   951 | D:2      | Noticed Robin
   953 | D:2      | Found a white marble altar of Elyvilon.
   956 | D:2      | Reached XP level 4. HP: 23/27 MP: 4/4
  1001 | D:2      | Killed Robin
  1350 | D:2      | Noticed Natasha
  1375 | D:2      | Killed Natasha
  1375 | D:2      | Reached XP level 5. HP: 10/32 MP: 5/5
  1550 | D:2      | Noticed Natasha
  2056 | D:3      | Reached skill level 5 in Short Blades
  2493 | D:3      | Found a basalt altar of Yredelemnul.
  3121 | D:2      | Reached XP level 6. HP: 28/38 MP: 6/6
  3191 | D:2      | Found an opulent altar of Gozag.
  3410 | D:2      | Killed Natasha
  3423 | D:2      | Noticed Natasha
  3447 | D:2      | Killed Natasha
  3447 | D:2      | Reached skill level 5 in Dodging
  3605 | D:4      | Got a fine leather armour
  3616 | D:4      | Identified the +3 leather armour of Least Resistance {rN+}
                  | (You found it on level 4 of the Dungeon)
  4101 | D:4      | Noticed a black bear
  4109 | D:4      | Killed a black bear
  4109 | D:4      | Reached skill level 6 in Short Blades
  4109 | D:4      | Reached XP level 7. HP: 21/44 MP: 7/7
  4113 | D:4      | Killed from afar by an orc priest

Levels and vault maps discovered:
D:1:      dpeg_arrival_rooms_a, layout_rooms, corner_web_ring
D:2:      layout_basic, nicolae_gozag_cash_rules_everything_around_me,
          overflow_temple_1_default, first_ration, uniq_natasha, uniq_robin
D:3:      layout_rooms, marbit_many_paths, eino_tiny_chamber,
          chequers_serial_rivers_micro_a, dk_vineyard_3
D:4:      layout_loops_ring, nicolae_overflow_crystal_walls,
          minmay_temple_entry_poolview, serial_shops, shop,
          minmay_divided_ellipse

Skill      XL: |  1  2  3  4  5  6 |
---------------+-------------------+-----
Dodging        | 4 5 |  5.4
Armour         | 1 2 |  2.5
Fighting       | 3 4 |  4.3
Short Blades   | 5 6 |  6.0
Throwing       | |  2.1

Action                   |  1- 3 |  4- 6 |  7- 9 || total
-------------------------+-------+-------+-------++-------
Melee: Rapier            |    93 |   278 |     3 ||   374
       Unarmed           |       |    20 |       ||    20
Throw: Throwing net      |       |     4 |       ||     4
  Use: Potion            |       |     1 |     1 ||     2
 Stab: Held in net/web   |       |     1 |       ||     1
       Sleeping          |       |     2 |       ||     2
  Eat: Chunk             |     9 |    10 |       ||    19
Armor: Leather armour    |    17 |    61 |     1 ||    79
       Skin              |       |    30 |       ||    30
Dodge: Dodged            |    73 |   255 |     1 ||   329
Block: Other             |       |    44 |       ||    44

Table legend:
 A = Non-vault XP
 B = Vault XP
 C = Vault XP percentage of total XP
 D = Non-vault monster count
 E = Vault monster count
 F = Vault count percentage of total count
                 A         B        C        D         E       F
            +---------+---------+-------+---------+---------+-------
      Total |     346 |     239 |  40.9 |      81 |      16 |  16.5
            +---------+---------+-------+---------+---------+-------
        D:1 |      47 |       0 |   0.0 |      19 |       0 |   0.0
        D:2 |     150 |      70 |  31.8 |      30 |      12 |  28.6
        D:3 |      82 |       2 |   2.4 |      20 |       1 |   4.8
        D:4 |      67 |     167 |  71.4 |      12 |       3 |  20.0
            +---------+---------+-------+---------+---------+-------
